[ AOE2 MATCH · #478128423 ]
UnrankedPersians vs Romans
[ REPLAY ANALYSIS · EXTRACTED FROM THE RECORDED GAME ]
Feudal
8:27
Castle
—
Imperial
—
| APM avg | 46.4 |
| APM peak | 78 |
| eAPM avg | 15.3 |
| Villagers / military | 46 / 10 |
Focus
⚔️ 30.7% · 🌾 69.3%
Scout Cavalry ×10
Feudal
9:00
Castle
20:32
Imperial
—
| APM avg | 51.2 |
| APM peak | 79 |
| eAPM avg | 19.8 |
| Villagers / military | 47 / 17 |
Focus
⚔️ 27.5% · 🌾 72.5%
Archer ×17
Feudal
9:33
Castle
—
Imperial
—
| APM avg | 27.7 |
| APM peak | 42 |
| eAPM avg | 12.5 |
| Villagers / military | 37 / 21 |
Focus
⚔️ 26.3% · 🌾 73.7%
Militia ×14 · Spearman ×7
Feudal
9:35
Castle
—
Imperial
—
| APM avg | 30.4 |
| APM peak | 57 |
| eAPM avg | 18.7 |
| Villagers / military | 45 / 11 |
Focus
⚔️ 37.3% · 🌾 62.7%
Skirmisher ×10 · Spearman ×1
Match map
Initial resources + every placement click. Lines = walls · curves = elevation contours. ◆ gold · ⬟ stone · ● berries · ✦ relic · ◌ wall gap
Your base· ✓ Closed at 18:45 · 56t walls · 2 gate(s)
__97_Unknown_Arg's base· Open — 7t gap
Nyra's base· ✓ Closed at 19:18 · 37t walls · 4 gate(s)
HolyConqs's base· ✓ Closed at 18:21 · 38t walls · 2 gate(s)
Smoothed initial terrain · ◌ = detected wall gap · hover for details
Inputs per minute
— __91_Minatus_Arg - - __97_Unknown_Arg
Build order — __91_Minatus_Arg
119 actions detected in the replay
| 0:01 | Create | Villager (Male) ×5 |
| 0:01 | Create | Villager (Male) ×5 |
| 0:02 | Build | House |
| 0:04 | Build | House |
| 1:30 | Create | Villager (Male) |
| 1:30 | Create | Villager (Male) |
| 1:48 | Build | Lumber Camp |
| 2:02 | Create | Villager (Male) |
| 2:02 | Create | Villager (Male) |
| 2:16 | Create | Villager (Male) |
| 2:16 | Create | Villager (Male) |
| 2:48 | Create | Villager (Male) |
| 2:48 | Create | Villager (Male) |
| 2:57 | Build | House |
| 3:06 | Create | Villager (Male) |
| 3:22 | Build | Mill |
| 3:54 | Create | Villager (Male) |
| 3:54 | Create | Villager (Male) |
| 3:54 | Create | Villager (Male) |
| 4:34 | Create | Villager (Male) |
| 4:34 | Create | Villager (Male) |
| 5:24 | Create | Villager (Male) |
| 5:24 | Research | Loom |
| 6:23 | Research | Feudal Age |
| 7:08 | Build | Barracks |
| 7:17 | Create | Villager (Male) |
| 7:47 | Build | House |
| 7:56 | Create | Villager (Male) |
| 8:27 | Age | Feudal Age |
| 8:31 | Create | Villager (Male) |
| 8:36 | Build | Stable |
| 8:57 | Build | House |
| 9:02 | Build | Palisade Wall |
| 9:06 | Build | Palisade Wall |
| 9:12 | Create | Villager (Male) |
| 9:16 | Build | Farm |
| 9:17 | Build | Farm |
| 9:17 | Build | Farm |
| 9:18 | Research | Double-Bit Axe |
| 9:20 | Create | Scout Cavalry |
| 9:20 | Create | Scout Cavalry |
| 9:44 | Create | Scout Cavalry |
| 9:44 | Create | Scout Cavalry |
| 10:03 | Create | Villager (Male) |
| 10:05 | Build | Farm |
| 10:08 | Build | Farm |
| 10:20 | Create | Villager (Male) |
| 10:24 | Build | House |
| 10:27 | Build | Palisade Wall |
| 10:35 | Create | Villager (Male) |
| 10:37 | Build | Palisade Wall |
| 10:40 | Build | Palisade Wall |
| 10:40 | Build | Palisade Wall |
| 10:43 | Build | House |
| 10:58 | Create | Scout Cavalry |
| 11:13 | Create | Villager (Male) |
| 11:15 | Build | Farm |
| 11:15 | Build | Farm |
| 11:18 | Create | Scout Cavalry |
| 11:27 | Create | Villager (Male) |
| 11:28 | Build | Farm |
| 11:34 | Build | House |
| 11:48 | Build | Farm |
| 12:08 | Create | Villager (Male) |
| 12:17 | Build | House |
| 12:21 | Build | Palisade Wall |
| 12:31 | Create | Scout Cavalry |
| 12:45 | Create | Villager (Male) |
| 12:54 | Build | Palisade Gate |
| 12:58 | Create | Villager (Male) |
| 13:01 | Build | Mill |
| 13:17 | Build | Farm |
| 13:22 | Build | Palisade Wall |
| 13:23 | Build | Palisade Wall |
| 13:27 | Create | Villager (Male) |
| 13:35 | Build | Farm |
| 13:52 | Create | Villager (Male) |
| 13:54 | Build | Farm |
| 13:56 | Build | Farm |
| 14:17 | Create | Scout Cavalry |
| 14:17 | Create | Scout Cavalry |
| 14:25 | Create | Villager (Male) |
| 14:25 | Create | Villager (Male) |
| 14:51 | Build | Farm |
| 14:55 | Build | Farm |
| 14:59 | Build | Farm |
| 15:02 | Create | Scout Cavalry |
| 15:12 | Research | Wheelbarrow |
| 15:13 | Create | Villager (Male) |
| 15:19 | Build | House |
| 15:36 | Build | Mining Camp |
| 15:47 | Build | House |
| 15:47 | Build | Palisade Wall |
| 16:03 | Build | Palisade Gate |
| 16:09 | Build | Palisade Gate |
| 16:15 | Create | Villager (Male) |
| 16:57 | Build | Blacksmith |
| 17:01 | Build | Palisade Wall |
| 17:09 | Create | Villager (Male) |
| 17:19 | Build | Palisade Wall |
| 17:39 | Create | Villager (Male) |
| 18:25 | Build | Farm |
| 18:27 | Build | Farm |
| 18:34 | Research | Forging |
| 18:38 | Build | House |
| 18:45 | Research | Castle Age |
| 18:45 | Research | Castle Age |
| 18:47 | Build | Farm |
| 18:51 | Research | Gold Mining |
| 19:01 | Research | Scale Barding Armor |
| 19:05 | Research | Horse Collar |
| 19:34 | Build | Farm |
| 19:41 | Research | Scale Barding Armor |
| 19:43 | Research | Bloodlines |
| 19:43 | Research | Bloodlines |
| 19:53 | Build | Farm |
| 20:17 | Create | Villager (Male) |
| 20:19 | Build | Farm |
| 20:21 | Build | Farm |
Build order — __97_Unknown_Arg
131 actions detected in the replay
| 0:01 | Create | Villager (Male) |
| 0:01 | Create | Villager (Male) |
| 0:01 | Create | Villager (Male) |
| 0:02 | Build | House |
| 0:03 | Build | House |
| 0:11 | Create | Villager (Male) |
| 0:11 | Create | Villager (Male) |
| 0:11 | Create | Villager (Male) |
| 1:24 | Create | Villager (Male) |
| 1:24 | Create | Villager (Male) |
| 2:00 | Create | Villager (Male) |
| 2:30 | Create | Villager (Male) |
| 2:30 | Create | Villager (Male) |
| 2:30 | Create | Villager (Male) |
| 2:35 | Build | Lumber Camp |
| 3:01 | Create | Villager (Male) |
| 3:01 | Create | Villager (Male) |
| 3:02 | Create | Villager (Male) |
| 3:04 | Build | House |
| 3:14 | Create | Villager (Male) |
| 3:15 | Create | Villager (Male) |
| 4:03 | Create | Villager (Male) |
| 4:08 | Create | Villager (Male) |
| 4:19 | Create | Villager (Male) |
| 4:19 | Create | Villager (Male) |
| 5:18 | Build | Palisade Wall |
| 5:19 | Build | Palisade Wall |
| 5:22 | Build | Palisade Wall |
| 5:24 | Build | Palisade Wall |
| 5:31 | Create | Villager (Male) |
| 5:32 | Create | Villager (Male) |
| 5:53 | Build | Mining Camp |
| 6:08 | Research | Loom |
| 6:44 | Build | House |
| 6:50 | Research | Feudal Age |
| 6:50 | Research | Feudal Age |
| 8:00 | Create | Villager (Male) |
| 8:19 | Build | Barracks |
| 9:00 | Age | Feudal Age |
| 9:12 | Create | Villager (Male) |
| 9:14 | Build | Archery Range |
| 9:30 | Create | Villager (Male) |
| 9:37 | Create | Villager (Male) |
| 9:45 | Build | House |
| 9:49 | Build | Mill |
| 9:53 | Build | Mill |
| 9:58 | Create | Archer |
| 10:09 | Create | Archer |
| 10:12 | Create | Villager (Male) |
| 10:25 | Create | Archer |
| 10:28 | Build | House |
| 10:42 | Build | Farm |
| 10:52 | Research | Double-Bit Axe |
| 10:52 | Research | Double-Bit Axe |
| 10:52 | Research | Double-Bit Axe |
| 11:01 | Build | Farm |
| 11:05 | Build | Palisade Wall |
| 11:06 | Build | Palisade Wall |
| 11:12 | Create | Archer |
| 11:22 | Create | Villager (Male) |
| 11:22 | Create | Villager (Male) |
| 11:35 | Build | Farm |
| 11:38 | Create | Archer |
| 11:47 | Build | House |
| 11:47 | Build | Palisade Wall |
| 11:52 | Build | Farm |
| 12:02 | Create | Villager (Male) |
| 12:14 | Build | Farm |
| 12:21 | Build | Farm |
| 12:26 | Create | Villager (Male) |
| 12:29 | Build | House |
| 12:38 | Create | Archer |
| 13:03 | Create | Villager (Male) |
| 13:06 | Create | Archer |
| 13:08 | Build | Palisade Wall |
| 13:37 | Create | Villager (Male) |
| 13:39 | Build | Farm |
| 13:41 | Research | Horse Collar |
| 13:41 | Research | Horse Collar |
| 13:44 | Build | Farm |
| 13:45 | Build | Farm |
| 14:01 | Create | Villager (Male) |
| 14:03 | Build | Farm |
| 14:05 | Build | Farm |
| 14:08 | Create | Archer |
| 14:27 | Create | Villager (Male) |
| 14:46 | Create | Villager (Male) |
| 14:48 | Build | Blacksmith |
| 14:57 | Create | Archer |
| 14:58 | Create | Villager (Male) |
| 15:15 | Build | Palisade Wall |
| 15:18 | Build | Palisade Wall |
| 15:22 | Research | Fletching |
| 15:22 | Research | Fletching |
| 15:22 | Create | Archer |
| 15:25 | Build | Palisade Wall |
| 15:27 | Build | Palisade Wall |
| 15:28 | Build | Palisade Wall |
| 15:35 | Create | Villager (Male) |
| 16:02 | Create | Villager (Male) |
| 16:03 | Build | Farm |
| 16:04 | Create | Villager (Male) |
| 16:13 | Build | Market |
| 16:32 | Create | Archer |
| 16:35 | Create | Villager (Male) |
| 16:39 | Build | House |
| 16:40 | Build | Palisade Wall |
| 16:53 | Create | Villager (Male) |
| 17:11 | Create | Villager (Male) |
| 17:19 | Build | House |
| 17:52 | Research | Castle Age |
| 17:52 | Research | Castle Age |
| 18:01 | Build | Archery Range |
| 18:30 | Create | Archer |
| 18:30 | Create | Archer |
| 18:40 | Research | Gold Mining |
| 18:57 | Build | Palisade Wall |
| 19:11 | Create | Archer |
| 19:12 | Create | Archer |
| 19:34 | Create | Villager (Male) |
| 19:55 | Create | Archer |
| 19:55 | Create | Archer |
| 20:31 | Build | Palisade Wall |
| 20:32 | Age | Castle Age |
| 20:34 | Research | Bodkin Arrow |
| 20:34 | Research | Bodkin Arrow |
| 20:35 | Research | Crossbowman (upgrade) |
| 20:35 | Research | Crossbowman (upgrade) |
| 20:36 | Create | Villager (Male) |
| 20:37 | Create | Villager (Male) |
| 20:39 | Build | University |
Build order — Nyra
109 actions detected in the replay
| 0:01 | Create | Villager (Male) |
| 0:01 | Create | Villager (Male) |
| 0:02 | Build | House |
| 0:03 | Build | House |
| 0:11 | Create | Villager (Male) |
| 0:12 | Create | Villager (Male) |
| 1:24 | Create | Villager (Male) |
| 1:24 | Create | Villager (Male) |
| 1:44 | Build | Lumber Camp |
| 1:56 | Create | Villager (Male) |
| 1:56 | Create | Villager (Male) |
| 2:11 | Create | Villager (Male) |
| 2:40 | Create | Villager (Male) |
| 2:40 | Create | Villager (Male) |
| 3:24 | Create | Villager (Male) |
| 3:25 | Create | Villager (Male) |
| 3:27 | Build | House |
| 3:47 | Create | Villager (Male) |
| 3:47 | Create | Villager (Male) |
| 4:02 | Build | House |
| 4:13 | Create | Villager (Male) |
| 4:13 | Create | Villager (Male) |
| 4:13 | Create | Villager (Male) |
| 4:27 | Create | Villager (Male) |
| 4:27 | Create | Villager (Male) |
| 4:57 | Build | Mining Camp |
| 5:19 | Create | Villager (Male) |
| 6:02 | Build | Mill |
| 6:12 | Create | Villager (Male) |
| 6:37 | Research | Loom |
| 7:23 | Research | Feudal Age |
| 7:44 | Build | Barracks |
| 8:18 | Build | House |
| 8:25 | Create | Militia |
| 8:25 | Create | Militia |
| 8:25 | Create | Militia |
| 8:25 | Create | Militia |
| 8:37 | Build | Palisade Wall |
| 8:53 | Build | Palisade Gate |
| 9:06 | Build | Palisade Wall |
| 9:16 | Create | Militia |
| 9:16 | Create | Militia |
| 9:33 | Age | Feudal Age |
| 9:37 | Build | Blacksmith |
| 9:39 | Research | Man-at-Arms (upgrade) |
| 9:45 | Create | Militia |
| 9:56 | Create | Villager (Male) |
| 10:12 | Build | Palisade Wall |
| 10:19 | Build | Palisade Wall |
| 10:39 | Build | Mill |
| 10:48 | Build | Palisade Wall |
| 11:07 | Create | Spearman |
| 11:29 | Build | Farm |
| 11:36 | Build | Mill |
| 11:39 | Create | Villager (Male) |
| 12:06 | Build | Palisade Gate |
| 12:14 | Create | Villager (Male) |
| 12:17 | Create | Spearman |
| 12:23 | Build | Palisade Wall |
| 12:42 | Create | Villager (Male) |
| 12:46 | Create | Spearman |
| 12:54 | Build | Palisade Wall |
| 12:57 | Create | Villager (Male) |
| 13:10 | Create | Villager (Male) |
| 13:13 | Build | Farm |
| 13:22 | Create | Militia |
| 13:24 | Build | Farm |
| 13:42 | Build | Palisade Gate |
| 13:46 | Build | House |
| 14:01 | Create | Villager (Male) |
| 14:12 | Build | Palisade Wall |
| 14:14 | Create | Villager (Male) |
| 14:21 | Build | Farm |
| 14:24 | Build | Farm |
| 14:40 | Create | Villager (Male) |
| 14:43 | Build | Palisade Wall |
| 14:48 | Create | Villager (Male) |
| 14:51 | Research | Horse Collar |
| 14:57 | Build | Farm |
| 15:24 | Build | Farm |
| 15:39 | Build | Farm |
| 15:41 | Create | Villager (Male) |
| 16:08 | Research | Wheelbarrow |
| 16:23 | Build | Farm |
| 16:26 | Build | Farm |
| 16:33 | Build | House |
| 16:41 | Create | Spearman |
| 16:58 | Create | Spearman |
| 17:00 | Create | Villager (Male) |
| 17:38 | Create | Villager (Male) |
| 17:46 | Build | Market |
| 18:06 | Create | Spearman |
| 18:15 | Create | Villager (Male) |
| 18:17 | Build | Farm |
| 18:42 | Build | Palisade Gate |
| 18:45 | Build | House |
| 18:49 | Create | Spearman |
| 18:57 | Create | Villager (Male) |
| 19:14 | Build | Farm |
| 19:17 | Build | Farm |
| 19:18 | Research | Castle Age |
| 19:43 | Create | Militia |
| 19:43 | Create | Militia |
| 20:09 | Build | Barracks |
| 20:11 | Create | Militia |
| 20:11 | Create | Militia |
| 20:22 | Research | Scale Mail Armor |
| 20:31 | Create | Militia |
| 20:31 | Create | Militia |
Build order — HolyConqs
121 actions detected in the replay
| 0:01 | Create | Villager (Male) |
| 0:02 | Build | House |
| 0:04 | Build | House |
| 0:08 | Create | Villager (Male) |
| 0:13 | Create | Villager (Male) |
| 0:16 | Create | Villager (Male) |
| 1:43 | Create | Villager (Male) |
| 2:13 | Create | Villager (Male) |
| 2:28 | Create | Villager (Male) |
| 2:49 | Build | Palisade Gate |
| 2:51 | Build | Palisade Gate |
| 2:59 | Build | Lumber Camp |
| 3:13 | Create | Villager (Male) |
| 3:13 | Create | Villager (Male) |
| 3:13 | Create | Villager (Male) |
| 3:24 | Create | Villager (Male) |
| 4:13 | Build | House |
| 4:49 | Create | Villager (Male) |
| 4:55 | Create | Villager (Male) |
| 4:59 | Build | Mill |
| 5:22 | Create | Villager (Male) |
| 5:34 | Create | Villager (Male) |
| 5:50 | Create | Villager (Male) |
| 6:02 | Create | Villager (Male) |
| 6:14 | Build | House |
| 6:34 | Research | Loom |
| 6:47 | Create | Villager (Male) |
| 7:25 | Research | Feudal Age |
| 7:44 | Build | Barracks |
| 7:55 | Build | Barracks |
| 8:12 | Build | Palisade Wall |
| 8:14 | Build | Palisade Wall |
| 8:19 | Build | Palisade Wall |
| 9:00 | Build | Mill |
| 9:32 | Build | House |
| 9:35 | Age | Feudal Age |
| 9:36 | Build | Palisade Wall |
| 9:37 | Create | Villager (Male) |
| 9:53 | Build | Archery Range |
| 9:59 | Build | Palisade Wall |
| 10:00 | Create | Villager (Male) |
| 10:06 | Create | Villager (Male) |
| 10:30 | Create | Villager (Male) |
| 10:41 | Create | Skirmisher |
| 10:53 | Research | Double-Bit Axe |
| 11:02 | Create | Skirmisher |
| 11:11 | Build | House |
| 11:12 | Create | Villager (Male) |
| 11:25 | Create | Skirmisher |
| 11:32 | Build | Farm |
| 11:36 | Build | Palisade Wall |
| 11:39 | Create | Skirmisher |
| 11:43 | Build | Palisade Wall |
| 11:55 | Build | Farm |
| 11:55 | Create | Villager (Male) |
| 12:04 | Create | Skirmisher |
| 12:05 | Create | Villager (Male) |
| 12:07 | Create | Villager (Male) |
| 12:15 | Build | House |
| 12:20 | Create | Villager (Male) |
| 12:34 | Build | Blacksmith |
| 12:47 | Create | Spearman |
| 12:48 | Create | Villager (Male) |
| 13:00 | Create | Villager (Male) |
| 13:01 | Build | Farm |
| 13:07 | Build | Farm |
| 13:08 | Build | Farm |
| 13:14 | Research | Fletching |
| 13:32 | Create | Villager (Male) |
| 13:33 | Build | Farm |
| 13:34 | Build | Farm |
| 13:40 | Build | Lumber Camp |
| 13:51 | Create | Villager (Male) |
| 13:53 | Build | Farm |
| 14:09 | Create | Villager (Male) |
| 14:11 | Build | Farm |
| 14:15 | Research | Padded Archer Armor |
| 14:15 | Create | Villager (Male) |
| 14:22 | Build | Palisade Wall |
| 14:26 | Build | Farm |
| 14:38 | Create | Villager (Male) |
| 14:42 | Build | Palisade Gate |
| 14:45 | Build | Palisade Wall |
| 14:46 | Build | Palisade Wall |
| 14:47 | Create | Villager (Male) |
| 14:55 | Build | Farm |
| 15:02 | Build | House |
| 15:06 | Build | House |
| 15:13 | Build | House |
| 15:24 | Build | Farm |
| 15:35 | Create | Villager (Male) |
| 15:44 | Build | Farm |
| 15:48 | Build | Farm |
| 15:49 | Build | Farm |
| 15:58 | Build | Farm |
| 16:00 | Build | Farm |
| 16:05 | Build | Farm |
| 16:39 | Create | Villager (Male) |
| 16:45 | Build | Mining Camp |
| 16:59 | Build | House |
| 17:02 | Build | Market |
| 17:08 | Create | Villager (Male) |
| 17:20 | Create | Villager (Male) |
| 17:26 | Build | House |
| 17:32 | Build | Farm |
| 18:21 | Research | Castle Age |
| 18:32 | Create | Skirmisher |
| 18:42 | Build | Palisade Gate |
| 18:50 | Build | House |
| 18:56 | Build | House |
| 19:10 | Create | Skirmisher |
| 19:23 | Create | Skirmisher |
| 19:43 | Create | Villager (Male) |
| 19:44 | Create | Skirmisher |
| 19:50 | Build | Archery Range |
| 19:59 | Create | Villager (Male) |
| 20:13 | Create | Villager (Male) |
| 20:16 | Create | Skirmisher |
| 20:18 | Create | Villager (Male) |
| 20:24 | Create | Villager (Male) |
| 20:31 | Create | Villager (Male) |
Match timeline
| 5:18 | __97_Unknown_Arg · wall_segment Palisade Wall x1 |
| 5:19 | __97_Unknown_Arg · wall_segment Palisade Wall x1 |
| 5:22 | __97_Unknown_Arg · wall_segment Palisade Wall x1 |
| 5:24 | __97_Unknown_Arg · wall_segment Palisade Wall x1 |
| 7:08 | __91_Minatus_Arg · first_building Barracks |
| 7:44 | Nyra · first_building Barracks |
| 7:44 | HolyConqs · first_building Barracks |
| 8:12 | HolyConqs · wall_segment Palisade Wall x3 |
| 8:14 | HolyConqs · wall_segment Palisade Wall x2 |
| 8:19 | HolyConqs · wall_segment Palisade Wall x1 |
| 8:19 | __97_Unknown_Arg · first_building Barracks |
| 8:27 | __91_Minatus_Arg · age_up feudal |
| 8:36 | __91_Minatus_Arg · first_building Stable |
| 8:37 | Nyra · wall_segment Palisade Wall x4 |
| 9:00 | __97_Unknown_Arg · age_up feudal |
| 9:02 | __91_Minatus_Arg · wall_segment Palisade Wall x4 |
| 9:06 | __91_Minatus_Arg · wall_segment Palisade Wall x4 |
| 9:06 | Nyra · wall_segment Palisade Wall x1 |
| 9:14 | __97_Unknown_Arg · first_building Archery Range |
| 9:33 | Nyra · age_up feudal |
| 9:35 | HolyConqs · age_up feudal |
| 9:36 | HolyConqs · wall_segment Palisade Wall x6 |
| 9:53 | HolyConqs · first_building Archery Range |
| 9:59 | HolyConqs · wall_segment Palisade Wall x1 |
| 10:12 | Nyra · wall_segment Palisade Wall x5 |
| 10:19 | Nyra · wall_segment Palisade Wall x6 |
| 10:27 | __91_Minatus_Arg · wall_segment Palisade Wall x13 |
| 10:37 | __91_Minatus_Arg · wall_segment Palisade Wall x1 |
| 10:40 | __91_Minatus_Arg · wall_segment Palisade Wall x1 |
| 10:40 | __91_Minatus_Arg · wall_segment Palisade Wall x1 |
| 10:48 | Nyra · wall_segment Palisade Wall x6 |
| 11:05 | __97_Unknown_Arg · wall_segment Palisade Wall x1 |
| 11:06 | __97_Unknown_Arg · wall_segment Palisade Wall x1 |
| 11:36 | HolyConqs · wall_segment Palisade Wall x6 |
| 11:43 | HolyConqs · wall_segment Palisade Wall x1 |
| 11:47 | __97_Unknown_Arg · wall_segment Palisade Wall x1 |
| 12:21 | __91_Minatus_Arg · wall_segment Palisade Wall x1 |
| 12:23 | Nyra · wall_segment Palisade Wall x3 |
| 12:54 | Nyra · wall_segment Palisade Wall x7 |
| 13:08 | __97_Unknown_Arg · wall_segment Palisade Wall x1 |
| 13:22 | __91_Minatus_Arg · wall_segment Palisade Wall x14 |
| 13:23 | __91_Minatus_Arg · wall_segment Palisade Wall x1 |
| 14:12 | Nyra · wall_segment Palisade Wall x4 |
| 14:22 | HolyConqs · wall_segment Palisade Wall x9 |
| 14:43 | Nyra · wall_segment Palisade Wall x1 |
| 14:45 | HolyConqs · wall_segment Palisade Wall x4 |
| 14:46 | HolyConqs · wall_segment Palisade Wall x5 |
| 15:15 | __97_Unknown_Arg · wall_segment Palisade Wall x6 |
| 15:18 | __97_Unknown_Arg · wall_segment Palisade Wall x5 |
| 15:25 | __97_Unknown_Arg · wall_segment Palisade Wall x1 |
| 15:27 | __97_Unknown_Arg · wall_segment Palisade Wall x1 |
| 15:28 | __97_Unknown_Arg · wall_segment Palisade Wall x1 |
| 15:47 | __91_Minatus_Arg · wall_segment Palisade Wall x1 |
| 16:40 | __97_Unknown_Arg · wall_segment Palisade Wall x5 |
| 17:01 | __91_Minatus_Arg · wall_segment Palisade Wall x14 |
| 17:05 | __97_Unknown_Arg · first_market_sell 500 stone |
| 17:06 | __97_Unknown_Arg · first_market_buy 100 food |
| 17:19 | __91_Minatus_Arg · wall_segment Palisade Wall x1 |
| 18:03 | HolyConqs · first_market_sell 100 stone |
| 18:04 | HolyConqs · first_market_buy 100 food |
| 18:57 | __97_Unknown_Arg · wall_segment Palisade Wall x6 |
| 19:10 | Nyra · first_market_buy 100 food |
| 20:31 | __97_Unknown_Arg · wall_segment Palisade Wall x4 |
| 20:32 | __97_Unknown_Arg · age_up castle |
| 20:43 | HolyConqs · resign |
[ AI ANALYSIS · 1 CREDIT ]
What really happened in this match?
Wolo.gg analyzes every decision: build order, eco, micro, common mistakes by bracket. Personalized analysis on WhatsApp or Discord in 30 seconds.
Civ guide
Persians
Perfil
Jugador #213148